 Dungeon Crawl Stone Soup version 0.23-a0-484-g29ba69c (webtiles) character file.

55 Firecrotchwizard the Chopper (level 3, 0/29 HPs)
             Began as a Hill Orc Monk on Dec 1, 2018.
             Slain by an adder (1 damage)
             ... on level 3 of the Dungeon.
             The game lasted 00:03:39 (1844 turns).

Firecrotchwizard the Chopper (Hill Orc Monk)        Turns: 1844, Time: 00:03:40

Health: 0/29       AC:  6    Str: 14    XL:     3   Next: 93%
Magic:  3/3        EV: 10    Int: 10    God:
Gold:   66         SH:  0    Dex: 13    Spells: 2/2 levels left

rFire    . . .     SeeInvis .   a - +0 hand axe
rCold    + . .     Gourm    .   (no shield)
rNeg     . . .     Faith    .   d - +0 scale mail
rPois    .         Spirit   .   (no helmet)
rElec    .         Reflect  .   (no cloak)
rCorr    .         Harm     .   (no gloves)
MR       .....                  (no boots)
Stlth    ..........             (no amulet)
HPRegen  0.09/turn              (no ring)
MPRegen  0.08/turn              (no ring)

@: lethally poisoned (0 -> -1)
A: cold resistance 1, frail 1
a: no special abilities


You were on level 3 of the Dungeon.
You were hungry.

You visited 1 branch of the dungeon, and saw 3 of its levels.

You collected 66 gold pieces.

Inventory:

Hand Weapons
 a - a +0 hand axe (weapon)
Missiles
 m - 3 curare-tipped needles
Armour
 b - a +0 robe
 d - a +0 scale mail (worn)
   (You found it on level 1 of the Dungeon)
 j - a +0 pair of boots
   (You found it on level 2 of the Dungeon)
Scrolls
 e - 6 scrolls of identify {unknown}
 h - 2 scrolls of remove curse {unknown}
 i - 4 scrolls of magic mapping {unknown}
 l - 3 scrolls of amnesia {unknown}
 o - a scroll of noise {unknown}
 p - a scroll of teleportation {unknown}
Potions
 f - a potion of mutation {!q}
 g - 2 potions of brilliance
Comestibles
 c - 6 rations


   Skills:
 + Level 4.2 Fighting
 * Level 5.2 Axes
 + Level 2.8 Dodging
 - Level 1.5 Stealth


You had 2 spell levels left.
You didn't know any spells.
Your spell library was empty.

Dungeon Overview and Level Annotations

Branches:
Dungeon (3/15)

Altars:

Annotations:
D:2 Sigmund


Innate Abilities, Weirdness & Mutations

Your flesh is cold resistant. (rC+)
You are frail. (-10% HP)


Message History

You are no longer poisoned.
You take 1 damage, and have 19/29 hp.
You start resting.
You float gracefully downwards.
You start resting.
Your extra speed is starting to run out.
You feel a little less clever now.
You start resting.
You feel yourself slow down.
You start resting.
All of the chunks of flesh in your inventory have rotted away.
Health restored: 29 You butcher the adder corpse.
f - 2 chunks of flesh {@w0} You see here an adder skeleton. x2
c - 6 rations (gained 1)
You see here a potion of mutation {!q}.
You see here a potion of mutation {!q}.
You open the door.
There is an open door here.
You open the door.
There is an open door here.
h - 2 scrolls labeled JOCO SAFEYPN (gained 1)
You open the door.
There is an open door here.
Found an escape hatch in the floor.
Unknown command.
e - 6 scrolls labeled LOADUA QEFRAA (gained 1)
j - a pair of boots You open the door.
There is an open door here.
You open the door.
There is an open door here.
All of the chunks of flesh in your inventory have rotted away.
There is an open door here.
The gnoll is too close now for your liking.
You see here a potion of mutation {!q}.
f - a potion of mutation {!q} The gnoll closely misses you.
The gnoll completely misses you.
You closely miss the gnoll. The gnoll hits you with a +0 halberd.
You take 4 damage, and have 25/29 hp.
You hit the gnoll. The gnoll hits you with a +0 halberd.
You take 2 damage, and have 23/29 hp.
You closely miss the gnoll. The gnoll barely misses you.
You hit the gnoll but do no damage. You hit the gnoll.
The gnoll hits you with a +0 halberd!
You take 9 damage, and have 14/29 hp.
MASSIVE DAMAGE!!
You barely miss the gnoll. The gnoll misses you.
You hit the gnoll but do no damage. The gnoll barely misses you.
You slash the gnoll!
You kill the gnoll!
You see here a +0 halberd.
There isn't anything to butcher here.
You start resting.
You are feeling hungry.
You regained 6 hp, and now have 21/29 hp.
You start resting.
Health restored: 29 You may need something to eat soon, looking for food.
Can't find anything matching that.
Sorry, you're not good enough to have a special ability.
You see here a +0 halberd.
You see here 17 sling bullets.
The gnoll shouts!
You hear a shout!
The gnoll is too close now for your liking.
The gnoll hits you from afar with a +0 halberd.
You take 5 damage, and have 24/29 hp.
The gnoll hits you with a +0 whip. The gnoll hits you but does no damage.
There is a stone staircase leading down, spattered with blood here.
You take 5 damage, and have 19/29 hp.
The gnoll hits you with a +0 whip.
The gnoll hits you from afar with a +0 halberd.
You climb downwards.
An adder comes into view.
There is a stone staircase leading up here.
You take 3 damage, and have 16/29 hp.
You hit the gnoll. The gnoll barely misses you.
You hit the gnoll but do no damage. The gnoll hits you but does no damage.
You completely miss the adder. You hit the gnoll. The adder bites you.
You are poisoned.
The adder poisons you! The gnoll misses you.
You take 2 damage, and have 14/29 hp.
You hit the adder. You hit the gnoll.
You feel sick. The adder barely misses you. The gnoll hits you with a +0 whip.
The adder bites you but does no damage.
You take 5 damage, and have 9/29 hp.
You hit the adder. You hit the gnoll. The gnoll hits you with a +0 whip.
* * * LOW HITPOINT WARNING * * *
The adder bites you.
* * * LOW HITPOINT WARNING * * *
You take 7 damage, and have 2/29 hp.
MASSIVE DAMAGE!!
You hit the adder. You hit the gnoll. The adder bites you but does no damage.
The gnoll hits you but does no damage. The adder bites you but does no damage.
You barely miss the adder. You hit the gnoll but do no damage.
* * * LOW HITPOINT WARNING * * *
You feel sick. The gnoll closely misses you. The adder bites you.
You die...

###########.#
?...!..@....#
..#...gS....#
#..........#
#............#
##.............
#......[......
#............#
............##


You could see a gnoll and an adder.

Vanquished Creatures
  2 gnolls
  An adder (D:2)
  A worm (D:2)
  A dart slug (D:1)
  A ball python (D:2)
  3 bats
  A giant cockroach (D:1)
  3 goblins
  2 hobgoblins (D:1)
  A quokka (D:2)
  3 frilled lizards (D:1)
  3 kobolds
  2 rats
24 creatures vanquished.

Notes
Turn   | Place    | Note
-------+----------+-------------------------------------------
     0 | D:1      | Firecrotchwizard the Hill Orc Monk began the quest for the
                  | Orb.
     0 | D:1      | Reached XP level 1. HP: 19/19 MP: 1/1
    62 | D:1      | Reached XP level 2. HP: 27/27 MP: 2/2
   690 | D:1      | Reached skill level 4 in Fighting
   690 | D:1      | Reached XP level 3. HP: 26/33 MP: 3/3
   870 | D:2      | Noticed Sigmund
  1211 | D:2      | Reached skill level 5 in Axes
  1356 | D:2      | HP: 8/33 [poisoned by an adder]
  1361 | D:2      | HP: 4/33 [poisoned by an adder]
  1362 | D:2      | Gained mutation: You are frail. (-10% HP) [potion of
                  | mutation]
  1362 | D:2      | Gained mutation: Your flesh is cold resistant. (rC+)
                  | [potion of mutation]
  1842 | D:3      | HP: 3/29 [gnoll/+0 whip (6)]
  1844 | D:3      | HP: 1/29 [poisoned by an adder]
  1844 | D:3      | Slain by an adder

Vault maps used:
D:1:      roderic_crop_circles_arrival_small, kennysheep_small_spiral
D:2:      first_ration, uniq_sigmund
D:3:      serial_bayou_ford_a, nrook_mini_backslash,
          chequers_serial_rivers_room_a

Skill      XL: |  1  2  3 |
---------------+----------+-----
Fighting       | 4 |  4.2
Axes           | 5 |  5.2
Dodging        | |  2.8
Stealth        | |  1.5

Action                   || total
-------------------------++-------
Melee: Hand axe          ||    94
  Use: Potion            ||     6
  Eat: Chunk             ||     2
Armor: Scale mail        ||    33
Dodge: Dodged            ||    47

Table legend:
 A = Non-vault XP
 B = Vault XP
 C = Vault XP percentage of total XP
 D = Non-vault monster count
 E = Vault monster count
 F = Vault count percentage of total count
                 A         B        C        D         E       F
            +---------+---------+-------+---------+---------+-------
      Total |      79 |       0 |   0.0 |      24 |       0 |   0.0
            +---------+---------+-------+---------+---------+-------
        D:1 |      35 |       0 |   0.0 |      14 |       0 |   0.0
        D:2 |      44 |       0 |   0.0 |      10 |       0 |   0.0
            +---------+---------+-------+---------+---------+-------

Vault maps used:
D:1:      roderic_crop_circles_arrival_small, kennysheep_small_spiral
D:2:      first_ration, uniq_sigmund
D:3:      serial_bayou_ford_a, nrook_mini_backslash,
          chequers_serial_rivers_room_a

Table legend:
 A = Turns spent in this place as a percentage of turns spent in the entire game.
 B = Non-inter-level travel turns spent in this place as a percentage of non-inter-level travel turns spent in the entire game.
 C = Inter-level travel turns spent in this place as a percentage of turns spent in this place.
 D = Turns resting spent in this place as a percentage of non-inter-level travel turns spent in this place.
 E = Turns spent auto-exploring this place as a percentage of non-inter-level travel turns spent in this place.
 F = Non-inter-level travel turns spent in this place divided by the number of levels of this place that you've seen.
                   A       B       C       D       E      F
               +-------+-------+-------+-------+-------+----------------------
         Total | 100.0 | 100.0 |   4.2 |  32.8 |  50.6 | 588.7
       Dungeon | 100.0 | 100.0 |   4.2 |  32.8 |  50.6 | 588.7
               +-------+-------+-------+-------+-------+----------------------

Table legend:
 A = Kills in this place as a percentage of kills in entire the game.
 B = Kills by you in this place as a percentage of kills by you in the entire game.
 C = Kills by friends in this place as a percentage of kills by friends in the entire game.
 D = Other kills in this place as a percentage of other kills in the entire game.
 E = Experience gained in this place as a percentage of experience gained in the entire game.
 F = Experience gained in this place divided by the number of levels of this place that you have seen.
                   A       B       C       D       E      F
               +-------+-------+-------+-------+-------+----------------------
         Total | 100.0 | 100.0 |   N/A |   N/A | 100.0 |  26.3
       Dungeon | 100.0 | 100.0 |   N/A |   N/A | 100.0 |  26.3
               +-------+-------+-------+-------+-------+----------------------
